 Dungeon Crawl Stone Soup version 0.29-a0-1047-g7c58e119a4 (webtiles) character file.

Game seed: 5930175032907000099

52088 flotson the Fighter (level 14, -12/99 HPs)
             Began as a Demonspawn Delver on Aug 17, 2022.
             Was a High Priest of Hepliaklqana.
             Mangled by an elephant (38 damage)
             ... on level 4 of the Lair of Beasts.
             The game lasted 00:43:51 (19326 turns).

flotson the Fighter (Demonspawn Delver)            Turns: 19326, Time: 00:43:51

Health: -12/99     AC: 19    Str: 42    XL:     14   Next: 25%
Magic:  20/20      EV:  2    Int: 14    God:    Hepliaklqana [*****.]
Gold:   833        SH:  0    Dex: 18    Spells: 13/13 levels left

rFire   + . .      SeeInvis +   a - +3 long sword (elec)
rCold   + . .      Faith    .   N - +0 tower shield
rNeg    . . .      Spirit   .   U - +3 scale mail of Lightning Storm {Str+6 Int+2}
rPois   .          Reflect  .   y - +0 helmet of the Cursing Geomancers {rF+ rC+}
rElec   .          Harm     .   o - scarf {shadows}
rCorr   .          Rampage  .   L - +1 pair of gloves
Will    +....                   S - +0 pair of boots "Otuyfyff" {Str+7 Dex+4}
Stlth   ++........              H - amulet of regeneration
HPRegen 1.06/turn               G - +6 ring of strength
MPRegen 0.17/turn               A - ring "Raelucvy" {Str+5 SInv}

@: mighty, sleeping
A: reduced essence, claws 2, icy blue scales 2, powered by pain 1
a: Renounce Religion, Recall Ancestor, Ancestor Identity, Transference, Idealise


You were on level 4 of the Lair of Beasts.
You worshipped Hepliaklqana.
Hepliaklqana was extremely pleased with you.
You visited 2 branches of the dungeon, and saw 15 of its levels.
You also visited: Ossuary and Gauntlet.

You collected 833 gold pieces.

Inventory:

Hand Weapons
 a - a +3 long sword of electrocution (weapon)
 k - a +0 war axe
Missiles
 n - 7 boomerangs (quivered)
 q - a throwing net
 v - 2 curare-tipped darts
 z - 28 poisoned darts
 Q - 9 silver javelins
Armour
 o - a scarf of shadows (worn)
 y - the +0 helmet of the Cursing Geomancers (worn) {rF+ rC+}
   (You found it in a Gauntlet)

   rF:        It protects you from fire.
   rC:        It protects you from cold.
 L - a +1 pair of gloves (worn)
 N - a +0 tower shield (worn)
 S - the +0 pair of boots "Otuyfyff" (worn) {Str+7 Dex+4}
   (You found it in a Gauntlet)

   Str:       It affects your strength (+7).
   Dex:       It affects your dexterity (+4).
 U - the +3 scale mail of Lightning Storm (worn) {Str+6 Int+2}
   (You took it off a minotaur in a Gauntlet)

   Str:       It affects your strength (+6).
   Int:       It affects your intelligence (+2).
Jewellery
 A - the ring "Raelucvy" (right hand) {Str+5 SInv}
   (You found it in a Gauntlet)

   [ring of see invisible]

   Str:       It affects your strength (+5).
   SInv:      It lets you see invisible.
 G - a +6 ring of strength (left hand)
 H - an amulet of regeneration (around neck)
 J - a ring of resist corrosion
Wands
 g - a wand of digging (3)
 p - a wand of mindburst (10)
 r - a wand of polymorph (3)
 B - a wand of flame (6)
 P - a wand of light (3)
 R - a wand of roots (6)
Scrolls
 b - 3 scrolls of teleportation
 c - 2 scrolls of fog
 d - 2 scrolls of magic mapping
 e - a scroll of fear
 h - 3 scrolls of torment
 m - 2 scrolls of silence
 s - 5 scrolls of enchant armour
 t - 3 scrolls of enchant weapon
 x - a scroll of vulnerability
 C - a scroll of brand weapon {unknown}
 O - a scroll of poison {unknown}
 W - 3 scrolls of noise {unknown}
Potions
 f - 2 potions of haste
 i - 7 potions of flight
 j - 4 potions of curing
 l - 3 potions of invisibility
 u - 3 potions of ambrosia
 w - 2 potions of heal wounds
 D - 4 potions of mutation
 E - 3 potions of cancellation
 F - 4 potions of lignification
 I - 3 potions of berserk rage
 K - 3 potions of might
 V - a potion of resistance
Miscellaneous
 M - a piece from Xom's chessboard (15/15)
 X - a box of beasts


   Skills:
 + Level 10.0 Fighting
 + Level 8.9 Axes
 + Level 8.5 Throwing
 + Level 8.6 Armour
 + Level 8.8 Dodging
 - Level 4.5 Stealth
 + Level 8.6 Shields
 - Level 8.0 Invocations
 + Level 9.6 Evocations


You had 13 spell levels left.
You didn't know any spells.
Your spell library contained the following spells:

 Spells                   Type           Power      Damage    Failure   Level
 Magic Dart               Conj           0%         1d3       97%         1
 Sting                    Tmut/Pois      0%         1d3       97%         1
 Call Imp                 Summ           0%         N/A       99%         2
 Ensorcelled Hibernation  Hex/Ice        0%         N/A       99%         2
 Poisonous Vapours        Pois/Air       0%         N/A       99%         2
 Scorch                   Fire           0%         2d5       99%         2
 Mephitic Cloud           Conj/Pois/Air  0%         N/A       100%        3
 Spider Form              Tmut/Pois      0%         N/A       100%        3
 Anguish                  Hex/Necr       0%         N/A       100%        4
 Flame Wave               Conj/Fire      0%         2d4       100%        4
 Olgreb's Toxic Radiance  Pois           0%         N/A       100%        4
 Passage of Golubria      Tloc           0%         N/A       100%        4
 Silence                  Hex/Air        0%         N/A       100%        5
 Dispersal                Tloc           0%         N/A       100%        6
 Summon Cactus Giant      Summ           0%         N/A       100%        6
 Malign Gateway           Summ/Tloc      0%         N/A       100%        7
 Disjunction              Tloc           0%         N/A       100%        8
 Lehudib's Crystal Spear  Conj/Erth      0%         10d2      100%        8
 Summon Horrible Things   Summ           0%         N/A       100%        8


Dungeon Overview and Level Annotations

Branches:
Dungeon (10/15)            Temple (0/1) D:6            Lair (5/5) D:9
  Swamp (0/4) Lair:2       Spider (0/4) Lair:2        Slime (0/5) Lair:4
Ossuary (visited)         Gauntlet (visited)
    Orc: D:9-12

Altars:
Hepliaklqana
Kikubaaqudgha
Nemelex Xobeh
Ru
Sif Muna
Trog
Uskayaw
Vehumet
Xom

Shops:
D:1 =   D:8 *   D:9 (

Annotations:
D:6 2 transporters, gdog's ghost, amateur GnDe
D:7 1 runed translucent door, Tollund's ghost, novice DrCj


Innate Abilities, Weirdness & Mutations

Your life essence is reduced to manifest your ancestor. (-10% HP)
You have very sharp fingernails.
You are mostly covered in icy blue scales. (AC +3)
You sometimes gain a little power by taking damage.


Message History

Unknown command.
You hit the elephant but do no damage.
The elephant is moderately wounded.
You block the elephant's attack.
The elephant trunk-slaps you but does no damage.
Unknown command.
You hit the elephant.
The elephant is moderately wounded.
The elephant tramples you but does no damage.
The elephant closely misses you. The elephant tramples you!
You hold your ground!
You block the elephant's attack.
Unknown command.
You slice the elephant!! Lightning courses through the elephant!
The elephant is severely wounded.
The elephant tramples you!
* * * LOW HITPOINT WARNING * * *
You hold your ground!
You block the elephant's attack. The elephant tramples you.
* * * LOW HITPOINT WARNING * * *
You hold your ground!
You block the elephant's attack.
You hit the elephant. Lightning courses through the elephant!
The elephant is severely wounded.
The dream sheep ruffles its wool and motes of dream dust sparkle, to no effect.
You block the elephant's attack.
The elephant trunk-slaps you but does no damage.
Unknown command.
You slash the elephant! Lightning courses through the elephant!
You kill the elephant!
The dream sheep ruffles its wool and motes of dream dust sparkle, to no effect.
The elephant tramples you but does no damage.
You block the elephant's attack.
Unknown command.
You hit the elephant.
The elephant is lightly wounded.
You block the elephant's attack. x2
The dream sheep ruffle their wool and motes of dream dust sparkle, to no effect.
The dream sheep shake their wool and sparkle.
You feel drowsy...
You fall asleep.
The elephant tramples you!!!
You die...

........................P........
............P....#.#.............
............########.....##.##...
###.##P.....#######......##.###.#
#######.....##....#......#...P###
≈≈##..........+..##............##
~≈#..........##..###....###.....#
≈~+.##P.....##P..##.....####...##
~≈####.......###@.#........##.##.
≈≈# ##.....#.#Y#..#......##.##.#
######......##†Y##...............
...............Y.†.....<.........
................>Y...............
.................Y...............
................†.....#..#...#.##
......................##..#.##.##
#.##..P......###................#


You could see an elephant and 2 dream sheep.

Vanquished Creatures
  Gastronok (Lair:1)
  A minotaur (Gauntlet)
  A green death (Gauntlet)
  2 hydras
  A hell beast (Gauntlet)
  A death yak (Lair:2)
  2 fire crabs
  An orc knight (D:10)
  7 elephants
  An orange demon (Gauntlet)
  6 cane toads
  A torpor snail (Lair:4)
  2 black mambas
  A rime drake (Lair:2)
  2 komodo dragons
  12 blink frogs
  A polar bear (Lair:4)
  Prince Ribbit (Lair:3)
  11 dream sheep
  3 wyverns
  A wraith (D:9)
  4 fire bats (Gauntlet)
  31 yaks
  A basilisk (Lair:1)
  4 vampire mosquitoes
  2 redbacks (Lair:2)
  Duvessa (D:4)
  4 water moccasins
  2 hell hounds (Gauntlet)
  An orc warrior (D:9)
  A black bear (D:4)
  An ice beast (D:5)
  An ogre (D:7)
  2 sky beasts (D:7)
  8 wolves
  7 centaurs
  An elf zombie (Ossuary)
  A kobold brigand (D:7)
  16 bullfrogs
  A scorpion (D:3)
  A wight (D:9)
  Dowan (D:4)
  4 killer bees (D:9)
  A howler monkey (D:7)
  2 human zombies (Ossuary)
  3 orc priests
  3 hounds
  3 iguanas
  2 orc wizards
  2 mummies (Ossuary)
  8 adders
  A shadow imp (D:8)
  2 ufetubi (D:6)
  An adder zombie (Ossuary)
  2 dart slugs (D:1)
  2 worms
  13 orcs
  7 endoplasms
  7 giant cockroaches
  11 goblins
  10 hobgoblins
  4 jackals
  8 quokkas
  5 ball pythons
  9 bats
  7 frilled lizards
  6 hobgoblin zombies (Ossuary)
  2 jackal zombies (Ossuary)
  15 kobolds
  13 kobold zombies (Ossuary)
  10 orc zombies (Ossuary)
  3 rats (D:2)
  2 rat zombies (Ossuary)
318 creatures vanquished.

Vanquished Creatures (collateral kills)
  A rakshasa (D:10)
  A catoblepas (Lair:4)
  A hydra (Lair:3)
  2 centaur warriors (D:10)
  A two-headed ogre (D:9)
  4 death yaks (Lair:3)
  A lindwurm (Lair:2)
  A bog body (Lair:2)
  6 elephants
  2 black mambas (Lair:3)
  An orange demon (Gauntlet)
  10 cane toads
  3 komodo dragons
  A rime drake (Lair:3)
  A tyrant leech (Lair:5)
  A polar bear (Lair:3)
  14 blink frogs
  12 dream sheep
  A wyvern (D:10)
  16 yaks
  2 redbacks (Lair:2)
  A steam dragon (Lair:4)
  3 basilisks
  3 vampire mosquitoes
  2 wargs (D:9)
  7 water moccasins
  An orc warrior (D:7)
  3 wolves
  A kobold brigand (D:10)
  5 bullfrogs
  2 wights (D:9)
  A killer bee (D:9)
  2 howler monkeys (D:8)
  A gnoll bouda (D:7)
  3 orc priests
  3 orc wizards (D:7)
  5 gnolls (D:7)
125 creatures vanquished.

Vanquished Creatures (others)
  18 hexers
  An ancestor (D:7)
  A demonic plant (Gauntlet)
  33 fungi
  141 plants
194 creatures vanquished.

Grand Total: 637 creatures vanquished

Notes
Turn   | Place    | Note
-------+----------+-------------------------------------------
     0 | D:5      | flotson the Demonspawn Delver began the quest for the Orb.
     0 | D:5      | Reached XP level 1. HP: 18/18 MP: 1/1
    16 | D:5      | Noticed an iguana
    28 | D:4      | Noticed Duvessa
    28 | D:4      | Noticed Dowan
    72 | D:3      | Found a bloodstained altar of Trog.
   117 | D:3      | Noticed an orc wizard
   118 | D:3      | Noticed an orc priest
   228 | D:2      | Gained mutation: You have sharp fingernails. [demonic
                  | ancestry]
   228 | D:2      | Reached XP level 2. HP: 13/24 MP: 2/2
   381 | D:1      | Reached skill level 1 in Evocations
   418 | D:1      | Reached skill level 1 in Armour
   683 | D:1      | Reached XP level 3. HP: 9/29 MP: 3/3
  1022 | D:1      | Found Udats's Jewellery Shoppe.
  1672 | D:2      | Found a faded altar of an unknown god.
  1683 | D:2      | Gained mutation: You are partially covered in icy blue
                  | scales. (AC +2) [demonic ancestry]
  1683 | D:2      | Reached XP level 4. HP: 18/35 MP: 4/4
  2635 | D:3      | Reached skill level 1 in Shields
  2849 | D:3      | Reached skill level 1 in Throwing
  2849 | D:3      | Gained mutation: You have very sharp fingernails. [demonic
                  | ancestry]
  2849 | D:3      | Reached XP level 5. HP: 19/42 MP: 5/5
  3204 | D:3      | Found a sparkling altar of Nemelex Xobeh.
  4365 | D:4      | Killed Duvessa
  4366 | D:4      | Reached skill level 4 in Fighting
  4366 | D:4      | Reached XP level 6. HP: 45/48 MP: 6/6
  4367 | D:4      | Killed Dowan
  5225 | D:4      | Identified the +9 quarterstaff "Xeq Edgh" {antimagic, Fly
                  | rN+ Str+3}
  5345 | D:4      | Reached XP level 7. HP: 54/54 MP: 7/7
  6302 | D:5      | Found a shimmering blue altar of Sif Muna.
  6505 | D:5      | Found a hazy altar of Hepliaklqana.
  6557 | D:5      | Became a worshipper of Hepliaklqana the Forgotten
  6823 | D:5      | Found an ancient bone altar of Kikubaaqudgha.
  6924 | D:5      | Found a radiant altar of Vehumet.
  6977 | D:6      | Found a transporter.
  6987 | D:6      | Found a transporter.
  6987 | D:6      | Noticed gdog's ghost (amateur GnDe)
  6988 | D:6      | Noticed a yak
  7078 | D:6      | Found a hide-covered altar of Uskayaw.
  7369 | D:6      | Reached * piety under Hepliaklqana
  7454 | D:6      | Found a staircase to the Ecumenical Temple.
  8215 | D:7      | Reached XP level 8. HP: 38/54 MP: 8/8
  8258 | D:7      | Found a sacrificial altar of Ru.
  8266 | D:7      | Found a sand-covered staircase.
  8275 | Ossuary  | Entered an ossuary
  9111 | D:7      | Reached skill level 5 in Fighting
  9324 | D:7      | Reached ** piety under Hepliaklqana
  9325 | D:7      | Remembered your ancestor Dube as a hexer
  9974 | D:7      | Found a runed translucent door.
  9977 | D:7      | Noticed an efreet
  9977 | D:7      | Noticed Tollund's ghost (novice DrCj)
 10592 | D:8      | Gained mutation: You are mostly covered in icy blue scales.
                  | (AC +3) [demonic ancestry]
 10592 | D:8      | Reached XP level 9. HP: 61/61 MP: 9/9
 10680 | D:8      | Found Caum's General Store.
 11057 | D:8      | Reached *** piety under Hepliaklqana
 11408 | D:9      | Found Fyofavusch's Hydra Hut.
 11412 | D:9      | Noticed a six-headed hydra
 11698 | D:9      | Found a staircase to the Lair.
 11770 | D:9      | Reached skill level 5 in Dodging
 11834 | D:9      | Reached skill level 6 in Fighting
 11834 | D:9      | Reached skill level 5 in Evocations
 11998 | D:9      | Reached skill level 5 in Axes
 11998 | D:9      | Reached skill level 1 in Invocations
 12225 | D:9      | Noticed a two-headed ogre
 12231 | D:9      | Killed a two-headed ogre
 12232 | D:9      | Reached XP level 10. HP: 69/69 MP: 9/11
 12344 | D:10     | Entered Level 10 of the Dungeon
 12373 | D:10     | Reached **** piety under Hepliaklqana
 12392 | D:10     | Reached skill level 5 in Armour
 12473 | D:10     | Identified the +2 ring mail of Love and Death {-Tele Dex+8
                  | Slay+3}
 12520 | D:10     | Noticed a centaur warrior
 12563 | D:10     | Reached skill level 5 in Throwing
 12607 | D:10     | Killed a centaur warrior
 12608 | D:10     | Reached skill level 5 in Shields
 12866 | D:10     | Noticed an orc knight
 12868 | D:10     | Noticed a centaur warrior
 12870 | D:10     | Noticed a rakshasa
 12965 | D:10     | Killed a centaur warrior
 12966 | D:10     | Reached skill level 7 in Fighting
 12974 | D:10     | Killed an orc knight
 12975 | D:10     | Reached XP level 11. HP: 59/75 MP: 14/14
 13032 | D:10     | Killed a rakshasa
 13115 | D:10     | Reached skill level 5 in Invocations
 13193 | Lair:1   | Entered Level 1 of the Lair of Beasts
 13321 | Lair:1   | Noticed Gastronok
 13330 | Lair:1   | Killed Gastronok
 13529 | Lair:1   | Noticed a fire crab
 13544 | Lair:1   | Killed a fire crab
 14323 | Lair:2   | Found a hole to the Spider Nest.
 14650 | Lair:2   | Reached skill level 8 in Fighting
 14650 | Lair:2   | Reached XP level 12. HP: 71/82 MP: 15/17
 14930 | Lair:2   | Found a staircase to the Swamp.
 15305 | Lair:2   | Noticed a seven-headed hydra
 15311 | Lair:2   | Killed a seven-headed hydra
 15458 | Lair:3   | Found a shimmering altar of Xom.
 15531 | Lair:3   | Noticed Prince Ribbit
 15692 | Lair:3   | Reached ***** piety under Hepliaklqana
 15761 | Lair:3   | Noticed a five-headed hydra
 15765 | Lair:3   | Killed a five-headed hydra
 16100 | Lair:3   | Noticed a death yak
 16101 | Lair:3   | Noticed a death yak
 16103 | Lair:3   | Noticed a death yak
 16107 | Lair:3   | Noticed a death yak
 16163 | Lair:2   | Killed a death yak
 16199 | Lair:3   | Killed Prince Ribbit
 16224 | Lair:3   | Gained mutation: You sometimes gain a little power by
                  | taking damage. [demonic ancestry]
 16224 | Lair:3   | Reached XP level 13. HP: 81/90 MP: 19/19
 16633 | Lair:4   | Reached skill level 9 in Fighting
 17267 | Lair:4   | Found a staircase to the Slime Pits.
 17474 | Lair:5   | Entered Level 5 of the Lair of Beasts
 17500 | Lair:5   | Found a gate leading to a gauntlet.
 17509 | Gauntlet | Entered a Gauntlet
 17509 | Gauntlet | Found a transporter.
 17509 | Gauntlet | Found a transporter.
 17527 | Gauntlet | Found a transporter.
 17539 | Gauntlet | Found a transporter.
 17554 | Gauntlet | Found a runed translucent door.
 17557 | Gauntlet | Found a transporter.
 17559 | Gauntlet | Found a transporter.
 17560 | Gauntlet | Found a transporter.
 17572 | Gauntlet | Found a transporter.
 17587 | Gauntlet | Found a transporter.
 17594 | Gauntlet | Noticed a green death
 17596 | Gauntlet | Found a runed translucent gate.
 17597 | Gauntlet | Found a transporter.
 17597 | Gauntlet | Found a runed translucent gate.
 17598 | Gauntlet | Found a runed translucent gate.
 17598 | Gauntlet | Noticed a cacodemon
 17623 | Gauntlet | Found a transporter.
 17641 | Gauntlet | Found a transporter.
 17643 | Gauntlet | Found a transporter.
 17643 | Gauntlet | Found a transporter.
 17708 | Gauntlet | Identified the +0 pair of boots "Otuyfyff" {Str+7 Dex+4}
 17814 | Gauntlet | Identified the +0 helmet of the Cursing Geomancers {rF+
                  | rC+}
 17898 | Gauntlet | Killed a green death
 17913 | Gauntlet | Identified the ring "Raelucvy" {Str+5 SInv}
 17918 | Gauntlet | Identified the +9 shortbow "Panipsoa" {speed, rElec rC-
                  | Str+5}
 17983 | Gauntlet | Identified the +3 scale mail of Lightning Storm {Str+6
                  | Int+2}
 17983 | Gauntlet | Noticed a minotaur
 18008 | Gauntlet | Killed a minotaur
 18487 | Lair:5   | Reached XP level 14. HP: 74/98 MP: 20/20
 18893 | Lair:4   | Reached skill level 10 in Fighting
 19326 | Lair:4   | Mangled by an elephant

Illustrated notes

Levels and vault maps discovered:
D:1:      co_arrival_square_in_a_square_in_a_square, layout_basic, serial_shops,
          nicolae_shop_stone
D:2:      layout_loops_ring, hellmonk_ecumenical_altar_heavens_door,
          kennysheep_nondescript
D:3:      layout_basic, mainiacjoe_overflow_concentric_impassable, trog_book,
          nemelex_dance_club_becter, serial_corexii_hall,
          corexii_hall_statues_l, corexii_hall_statues_deadend,
          corexii_hall_statues_t, corexii_hall_statues_l,
          corexii_hall_statues_l, corexii_hall_statues_l, minivault_26
D:4:      layout_basic, minmay_fractal_squares_gapless_5, uniq_duvessa
D:5:      layout_cave_pools, lemuel_tele_altar,
          worldfamousw_hep_ancestral_shrine, mainiacjoe_overflow_big_doors
D:6:      layout_layer_cave, nicolae_uskayaw_murder_on_the_dancefloor,
          minmay_temple_entry_gardened_gates, gammafunk_ghost_arena
D:7:      layout_basic, mainiacjoe_overflow_chevrons, ebering_ghost_inner_flame,
          nicolae_ossuary_entry_ruins
D:8:      layout_basic, serial_shops, shop
D:9:      layout_stronghold, erik_lair_orcish_takeover, doesnt_shop_hydraphobe
D:10:     minmay_blocky_corners, layout_rooms
Lair:1:   layout_cave_pods, grunt_forest_small_clearings, uniq_gastronok
Lair:2:   layout_concentric_octagons, skrybe_swamp_entry_bodies,
          spider_nest_entry_webs, nicolae_lair_lil_pond
Lair:3:   layout_cave_pods, lemuel_centaur_altar, uniq_prince_ribbit2
Lair:4:   layout_regular_city, slime_entry_1, minivault_27,
          chequers_serial_rivers_small_a, chequers_serial_rivers_room_b,
          hibernation_bobbens
Lair:5:   minmay_lair_end_frog_pond, layout_small_grid, gauntlet_entry_generic

Skill      XL: |  1  2  3  4  5  6  7  8  9 10 11 12 13 14 |
---------------+-------------------------------------------+-----
Dodging        | 2 3 4 5 6 7 8 |  8.8
Evocations     | 1 2 3 4 5 6 7 8 9 |  9.6
Armour         | 1 2 3 4 5 6 7 8 |  8.6
Axes           | 2 3 4 5 6 7 8 |  8.9
Shields        | 1 2 3 4 5 6 7 8 |  8.6
Throwing       | 1 2 3 4 5 6 7 8 |  8.5
Fighting       | 4 5 6 7 8 9 10 | 10.0
Invocations    | 1 4 6 8 |  8.0
Stealth        | |  4.5

Action                   |  1- 3 |  4- 6 |  7- 9 | 10-12 | 13-15 || total
-------------------------+-------+-------+-------+-------+-------++-------
Melee: War axe           |    92 |    72 |       |       |       ||   164
       Hand axe          |     7 |       |       |       |       ||     7
       Dagger            |       |   138 |   426 |    55 |       ||   619
       Long sword        |       |       |       |   285 |   340 ||   625
Throw: Boomerang         |       |     4 |    31 |   100 |    22 ||   157
       Dart              |       |     4 |       |     3 |     1 ||     8
Invok: Ancestor Life: He |       |       |     1 |       |       ||     1
       Recall Ancestor   |       |       |       |     2 |     3 ||     5
Evoke: Wand              |       |       |       |       |     6 ||     6
  Use: Potion            |       |     3 |     1 |       |     8 ||    12
       Scroll            |       |       |    15 |     6 |    10 ||    31
 Stab: Sleeping          |    16 |     4 |     3 |     1 |       ||    24
       Confused          |       |       |     2 |     7 |     8 ||    17
       Distracted        |       |       |       |     6 |     6 ||    12
       Invisible         |       |       |       |       |     5 ||     5
Armor: Leather armour    |    31 |    16 |    60 |    10 |       ||   117
       Scale mail        |       |   117 |   178 |       |   212 ||   507
       Ring mail         |       |       |       |   120 |    74 ||   194
Dodge: Dodged            |    43 |    59 |   146 |   194 |   359 ||   801
Block: Tower shield      |    45 |   136 |   330 |   395 |   646 ||  1552

Table legend: (Time is in decaauts)
 A = Elapsed time spent in this place.
 B = Non-inter-level travel time spent in this place.
 C = Inter-level travel time spent in this place.
 D = Time resting spent in this place.
 E = Time spent auto-exploring this place.
 F = Levels seen in this place.
 G = Mean time per level.
                   A        B        C        D        E       F      G
               +--------+--------+--------+--------+--------+-----+--------+
         Total |  20210 |  19457 |    753 |    651 |  13739 |  17 | 1188.8 |
       Dungeon |  12782 |  12286 |    496 |     84 |   9944 |  10 | 1278.2 |
          Lair |   6041 |   5785 |    256 |    492 |   3213 |   5 | 1208.2 |
       Ossuary |    821 |    821 |      0 |      0 |    391 |   1 |  821.0 |
      Gauntlet |    565 |    565 |      0 |     75 |    191 |   1 |  565.0 |
               +--------+--------+--------+--------+--------+-----+--------+

Top non-repeatable levels by time:
     D:4: 2201 daAuts
     D:3: 1826 daAuts
  Lair:4: 1752 daAuts
     D:7: 1604 daAuts
  Lair:3: 1313 daAuts
     D:2: 1265 daAuts
  Lair:2: 1255 daAuts
     D:6: 1249 daAuts
     D:1: 1160 daAuts
     D:9: 1109 daAuts
  Lair:1: 1100 daAuts
     D:8: 873 daAuts
 Ossuary: 821 daAuts
    D:10: 768 daAuts
     D:5: 725 daAuts
